 Dungeon Crawl Stone Soup version 0.31-a0-801-gc67433417a (webtiles) character file.

Game seed: 3221438444368753735

51 IndexError the Digger (level 3, 0/19 HPs)
             Began as a Gargoyle Earth Elementalist on Sept 20, 2023.
             Slain by an iguana (9 damage)
             ... on level 2 of the Dungeon.
             The game lasted 00:01:52 (1667 turns).

IndexError the Digger (Gargoyle Earth Elementalist) Turns: 1667, Time: 00:01:53

Health: 0/19       AC:  6    Str: 11    XL:     3   Next: 83%
Magic:  3/7        EV: 11    Int: 17    God:
Gold:   92         SH:  0    Dex: 10    Spells: 7/8 levels left

rFire   . . .        c - +0 short sword
rCold   . . .        (no shield)
rNeg    + . .        a - +0 robe
rPois   ∞            (no helmet)
rElec   +            (no cloak)
rCorr   .            (no gloves)
SInv    .            f - +0 pair of boots
Will    .....        (no amulet)
Stlth   ++           (no ring)
HPRegen 0.23/turn    (no ring)
MPRegen 0.10/turn

%: no passive effects
@: no status effects
A: sickness immunity, AC +3, negative energy resistance 1, electricity
resistance, torment resistance 1, petrification resistance
a: no special abilities


You were on level 2 of the Dungeon.
You visited 1 branch of the dungeon, and saw 3 of its levels.

You collected 92 gold pieces.

Inventory:

Hand Weapons
 c - a +0 short sword (weapon)
   (You took it off a kobold on level 1 of the Dungeon)
 o - a +0 sling
   (You found it on level 2 of the Dungeon)
Armour
 a - a +0 robe (worn)
 f - a +0 pair of boots (worn)
   (You found it on level 1 of the Dungeon)
Jewellery
 n - an amulet of magic regeneration
   (You found it on level 2 of the Dungeon)
Scrolls
 d - 3 scrolls of identify {unknown}
 h - 3 scrolls of poison {unknown}
 j - a scroll of brand weapon {unknown}
 k - 2 scrolls of enchant armour {unknown}
 m - a scroll of noise {unknown}
Potions
 b - a potion of magic
 e - a potion of mutation {unknown}
 g - a potion of heal wounds {unknown}
 i - 2 potions of ambrosia {unknown}
 l - a potion of attraction {unknown}


   Skills:
 - Level 1.5 Dodging
 - Level 2.1 Stealth
 + Level 3.0 Spellcasting
 - Level 0.7 Transmutations
 + Level 4.7 Earth Magic


You had 7 spell levels left.
You knew the following spells:

 Your Spells              Type           Power      Damage    Failure   Level
a - Sandblast             Erth           36%        2d10      2%          1

Your spell library contained the following spells:

 Spells                   Type           Power      Damage    Failure   Level
 Passwall                 Tmut/Erth      9%         N/A       9%          2
 Stone Arrow              Conj/Erth      20%        3d8       21%         3
 Petrify                  Tmut/Erth      11%        N/A       50%         4
 Brom's Barrelling Bould  Conj/Erth      10%        2d3       54%         4


Dungeon Overview and Level Annotations

Branches:
Dungeon (3/15)

Altars:

Shops:
D:2 !


Innate Abilities, Weirdness & Mutations

You are immune to sickness and miasma.
Your stone body is resilient. (AC +3)
You are immune to poison.
You resist negative energy. (rN+)
You are resistant to electric shocks. (rElec)
You are resistant to unholy torment.
You are immune to petrification.


Message History

m - a scroll labelled EVASU ZANKOCEESMA You see here 2 boomerangs.
An adder comes into view.
An adder is nearby!
The adder hisses angrily.
The blast of sand hits the adder.
You now have 6/7 mp.
The blast of sand hits the adder!
You now have 5/7 mp.
You see here an adder corpse.
You now have 53 gold pieces (gained 13).
You now have 65 gold pieces (gained 12).
A quokka comes into view.
MP restored: 7 A quokka is nearby!
A quokka is nearby!
The blast of sand hits the quokka!
Your Spellcasting skill increases to level 3!
You now have 6/7 mp.
n - an amulet of magic regeneration MP restored: 7 A giant cockroach comes into view.
A giant cockroach is nearby!
The blast of sand hits the giant cockroach.
You now have 6/7 mp.
The blast of sand misses the giant cockroach.
You now have 5/7 mp.
The blast of sand hits the giant cockroach.
You now have 4/7 mp.
You see here a quokka corpse.
You now have 77 gold pieces (gained 12).
i - 2 green potions (gained 1)
You see here a quokka corpse.
There is a stone staircase leading up here.
Things that are here:
a +0 whip; a stone You now have 92 gold pieces (gained 15).
Things that are here:
a +0 whip; 4 stones Done exploring.
Done exploring.
MP restored: 7 Done exploring.
Done exploring.
No target in view!
No target in view!
Done exploring.
Done exploring.
Search for what [? for help]? sling You see here a +0 sling.
o - a +0 sling
There is an entrance to Qoumud's Distillery here.
You see here 4 stones.
There is a stone staircase leading up here.
There is an escape hatch in the floor here.
There is a stone staircase leading up here.
Things that are here:
a +0 dagger; 2 poisoned darts
There is a stone staircase leading down here.
You climb downwards.
The goblin shouts! x2
Found 12 gold pieces.
Found a stone staircase leading up.
There is a stone staircase leading up here.
The blast of sand hits the goblin!
A rat comes into view.
The dart slug launches a dart at you. The slug dart hits you.
You take 4 damage, and have 15/19 hp.
MASSIVE DAMAGE!!
You now have 6/7 mp.
The iguana closely misses you.
You climb upwards.
There is a stone staircase leading down here.
The blast of sand hits the iguana.
The iguana bites you but does no damage.
The iguana bites you!
You take 7 damage, and have 8/19 hp.
MASSIVE DAMAGE!!
You now have 5/7 mp.
You are too injured to fight recklessly!
Casting: Sandblast (safe; 2% risk of failure)
Confirm with . or Enter, or press ? or * to list all spells.
Aiming: Sandblast (safe; 2% risk of failure)
Press: ? - help, Shift-Dir - straight line, f/p - iguana
Aim: an iguana (moderately wounded, 84% to hit)
The blast of sand hits the iguana.
The iguana barely misses you.
You now have 4/7 mp.
Casting: Sandblast (safe; 2% risk of failure)
Confirm with . or Enter, or press ? or * to list all spells.
Aiming: Sandblast (safe; 2% risk of failure)
Press: ? - help, Shift-Dir - straight line, f/p - iguana
Aim: an iguana (heavily wounded, 84% to hit)
The blast of sand hits the iguana but does no damage.
The iguana completely misses you. The iguana misses you.
You now have 3/7 mp.
Unknown command.
Casting: Sandblast (safe; 2% risk of failure)
Confirm with . or Enter, or press ? or * to list all spells.
Aiming: Sandblast (safe; 2% risk of failure)
Press: ? - help, Shift-Dir - straight line, f/p - iguana
Aim: an iguana (heavily wounded, 84% to hit)
The blast of sand hits the iguana but does no damage.
The iguana bites you!
You die...

### #.# ###<.....# #.. ..####
#.###....###.# ##.. #....##
#..##.##.# #.#######...
####..######.......# #.)#........
##...#......##### ##...######.
###.#.####..# #..## #. #...#
##..# #..## #. ##...#
#...########..######.
#..#.###...@...........)....
######.#........l######.###.#.)..
#..........#.###.## #...# #...###
########.###.###..# #.### #..##
#.# #..###.###.# ###..# ##.#
##..##.##..# #....#### #..#
##.......####.#...... #.##
#####..####.....#### ###.#
#..###...##.###.


You could see an iguana.

Vanquished Creatures
  An adder (D:2)
  2 dart slugs
  2 bats
  An endoplasm (D:2)
  3 giant cockroaches
  4 goblins
  A hobgoblin (D:1)
  2 quokkas (D:2)
  2 ball pythons (D:1)
  5 frilled lizards
  12 kobolds
  3 rats (D:1)
38 creatures vanquished.

Notes
Turn   | Place    | Note
-------+----------+-------------------------------------------
     0 | D:1      | IndexError the Gargoyle Earth Elementalist began the quest
                  | for the Orb.
     0 | D:1      | Reached XP level 1. HP: 10/10 MP: 3/3
   257 | D:1      | Reached skill level 4 in Earth Magic
   257 | D:1      | Reached XP level 2. HP: 15/15 MP: 3/5
   938 | D:2      | Reached XP level 3. HP: 19/19 MP: 3/6
  1270 | D:2      | Found Qoumud's Distillery.
  1431 | D:2      | Reached skill level 3 in Spellcasting
  1667 | D:2      | Slain by an iguana

Illustrated notes

Levels and vault maps discovered:
D:1:      dpeg_arrival_rhombus, layout_basic
D:2:      layout_rooms, serial_shops, nicolae_shop_tiny_statue_garden
D:3:      layout_loops_cross, nicolae_kite_square_tiling_tiny

Skill      XL: |  1  2  3 |
---------------+----------+-----
Earth Magic    | 4 |  4.7
Spellcasting   | 3 |  3.0
Dodging        | |  1.5
Stealth        | |  2.1
Transmutations | |  0.7

Action                     || total
---------------------------++-------
  Melee: Unarmed           ||     4
         Short sword       ||     1
   Cast: Sandblast         ||    54
 Armour: Robe              ||    15
  Dodge: Dodged            ||    26

Table legend: (Time is in decaauts)
 A = Elapsed time spent in this place.
 B = Non-inter-level travel time spent in this place.
 C = Inter-level travel time spent in this place.
 D = Time resting spent in this place.
 E = Time spent auto-exploring this place.
 F = Levels seen in this place.
 G = Mean time per level.
                   A        B        C        D        E       F      G
               +--------+--------+--------+--------+--------+-----+--------+
         Total |   1693 |   1564 |    129 |      0 |   1321 |   3 |  564.3 |
       Dungeon |   1693 |   1564 |    129 |      0 |   1321 |   3 |  564.3 |
               +--------+--------+--------+--------+--------+-----+--------+

Top non-repeatable levels by time:
     D:1: 941 daAuts
     D:2: 749 daAuts
     D:3: 3 daAuts

Levels and vault maps discovered:
D:1:      dpeg_arrival_rhombus, layout_basic
D:2:      layout_rooms, serial_shops, nicolae_shop_tiny_statue_garden
D:3:      layout_loops_cross, nicolae_kite_square_tiling_tiny

Table legend: (Time is in decaauts)
 A = Elapsed time spent in this place.
 B = Non-inter-level travel time spent in this place.
 C = Inter-level travel time spent in this place.
 D = Time resting spent in this place.
 E = Time spent auto-exploring this place.
 F = Levels seen in this place.
 G = Mean time per level.
                   A        B        C        D        E       F      G
               +--------+--------+--------+--------+--------+-----+--------+
         Total |   1693 |   1564 |    129 |      0 |   1321 |   3 |  564.3 |
       Dungeon |   1693 |   1564 |    129 |      0 |   1321 |   3 |  564.3 |
               +--------+--------+--------+--------+--------+-----+--------+

Top non-repeatable levels by time:
     D:1: 941 daAuts
     D:2: 749 daAuts
     D:3: 3 daAuts

Table legend:
 A = Kills in this place as a percentage of kills in the entire game.
 B = Kills by you in this place as a percentage of kills by you in the entire game.
 C = Kills by friends in this place as a percentage of kills by friends in the entire game.
 D = Other kills in this place as a percentage of other kills in the entire game.
 E = Experience gained in this place as a percentage of experience gained in the entire game.
 F = Experience gained in this place divided by the number of levels of this place that you have seen.
                   A       B       C       D       E      F
               +-------+-------+-------+-------+-------+----------------------
         Total | 100.0 | 100.0 |   N/A |   N/A | 100.0 |  24.7
       Dungeon | 100.0 | 100.0 |   N/A |   N/A | 100.0 |  24.7
               +-------+-------+-------+-------+-------+----------------------
